 Dungeon Crawl Stone Soup version 0.30.1-3-gfc49f6343a (webtiles) character file.

Game seed: 13736219118571310915

144 ces the Shooter (level 5, 27/27 HPs)
             Began as a Spriggan Hunter on June 30, 2023.
             Got out of the dungeon alive.
             The game lasted 00:07:54 (1891 turns).

ces the Shooter (Spriggan Hunter)                   Turns: 1891, Time: 00:07:54

Health: 27/27      AC:  2    Str:  7    XL:     5   Next: 5%
Magic:  6/6        EV: 18    Int: 10    God:
Gold:   113        SH:  0    Dex: 21    Spells: 4/4 levels left

rFire   . . .        a - +0 shortbow
rCold   . . .        (shield currently unavailable)
rNeg    . . .        c - +0 robe
rPois   .            (helmet restricted)
rElec   .            (no cloak)
rCorr   .            (gloves unavailable)
SInv    +            (boots unavailable)
Will    .....        (no amulet)
Stlth   ++           (no ring)
HPRegen 0.24/turn    (no ring)
MPRegen 0.10/turn

%: no passive effects
@: very quick
A: very small, no large weapons, unfitting armour, see invisible, speed 3
a: no special abilities


You escaped.
You visited 1 branch of the dungeon, and saw 3 of its levels.

You collected 113 gold pieces.

Inventory:

Hand Weapons
 a - a +0 shortbow (weapon)
Missiles
 e - a throwing net
Armour
 c - a +0 robe (worn)
Jewellery
 j - a +6 ring of dexterity
 n - a ring of positive energy
 q - a ring of magical power
Scrolls
 b - 3 scrolls of immolation
 d - 2 scrolls of amnesia {unknown}
 f - a scroll of summoning {unknown}
 h - a scroll of enchant armour {unknown}
 p - a scroll of teleportation {unknown}
Potions
 g - 3 potions of degeneration {unknown}
 i - a potion of lignification {unknown}
 k - a potion of might {unknown}
 l - 3 potions of heal wounds {unknown}
 m - 2 potions of ambrosia {unknown}
 o - a potion of curing {unknown}


   Skills:
 + Level 2.4 Fighting
 + Level 5.8 Ranged Weapons
 + Level 2.8 Dodging
 + Level 2.0 Stealth


You had 4 spell levels left.
You didn't know any spells.
Your spell library contained the following spells:

 Spells                   Type           Power      Damage    Failure   Level
 Sandblast                Erth           0%         2d4       36%         1
 Sting                    Tmut/Pois      0%         1d3       36%         1
 Summon Small Mammal      Summ           0%         N/A       36%         1
 Poisonous Vapours        Pois/Air       0%         N/A       50%         2
 Sublimation of Blood     Necr           0%         N/A       50%         2
 Wereblood                Tmut           0%         N/A       50%         2
 Call Canine Familiar     Summ           0%         N/A       75%         3
 Dazzling Flash           Conj/Hex       0%         N/A       75%         3
 Mephitic Cloud           Conj/Pois/Air  0%         N/A       75%         3
 Summon Guardian Golem    Hex/Summ       0%         N/A       75%         3
 Olgreb's Toxic Radiance  Pois           0%         N/A       98%         4
 Agony                    Necr           0%         N/A       100%        5
 Freezing Cloud           Conj/Ice/Air   0%         6-21      100%        5
 Silence                  Hex/Air        0%         N/A       100%        5
 Summon Hydra             Summ           0%         N/A       100%        7


Dungeon Overview and Level Annotations

Branches:
Dungeon (3/15)

Altars:

Annotations:
D:3 Grinder


Innate Abilities, Weirdness & Mutations

You are very small and have problems with some larger weapons.
You are too small for most types of armour.
You have supernaturally acute eyesight. (SInv)
You cover ground extremely quickly. (Speed+++)


Message History

There is a stone staircase leading down here.
Welcome back, ces the Spriggan Hunter.
Press ? for a list of commands and other information.
Welcome back, ces the Spriggan Hunter.
Press ? for a list of commands and other information.
Welcome back, ces the Spriggan Hunter.
Press ? for a list of commands and other information.
Welcome back, ces the Spriggan Hunter.
Press ? for a list of commands and other information.
Welcome back, ces the Spriggan Hunter.
Press ? for a list of commands and other information.
Done exploring.
Done exploring.
(D) Dungeon
Where to? (? - help)
What level of the Dungeon? (default 1, ? - help)
You climb downwards.
Level annotation: Grinder
There is a stone staircase leading up here.
Unknown command.
Unknown command.
Unknown command.
You shoot an arrow.
Level annotation: Grinder Welcome back, ces the Spriggan Hunter.
Press ? for a list of commands and other information.
(D) Dungeon
Where to? (? - help)
What level of the Dungeon? (default 1, ? - help)
You climb upwards.
There is a stone staircase leading down here.
You see here 6 stones.
There is a stone staircase leading up here.
You climb upwards.
There is a stone staircase leading down here.
You see here a +0 dagger.
There is a staircase leading out of the dungeon here.
You can't go down here!
Are you sure you want to leave the Dungeon?
This will make you lose the game!
You have escaped!

#####.# #..#####......######
###########.#####......#
###.........####......##.##
...............##.........#
.....⌠...⌠.......#######..#######
..⌠.........⌠...##...............
.......≈.........########........
.⌠...........⌠...# ###.#####
....≈.....≈.(...@# #.#
.⌠...........⌠...# #.#
.......≈.........# #.#
..⌠....^....⌠...#### #†#
[....⌠...⌠......'..########.#
...............###..........#
###.........#### ###.########
..###########.## #.# ###
#...#####.#


There were no monsters in sight!

Vanquished Creatures
  An iguana (D:3)
  3 gnolls (D:2)
  2 adders (D:2)
  2 dart slugs (D:2)
  8 bats
  6 endoplasms
  A giant cockroach (D:2)
  11 hobgoblins
  2 jackals (D:1)
  3 quokkas
  2 ball pythons
  2 frilled lizards (D:1)
  9 goblins
  6 kobolds
  3 rats (D:1)
61 creatures vanquished.

Notes
Turn   | Place    | Note
-------+----------+-------------------------------------------
     0 | D:1      | ces the Spriggan Hunter began the quest for the Orb.
     0 | D:1      | Reached XP level 1. HP: 10/10 MP: 2/2
   242 | D:1      | Reached XP level 2. HP: 15/15 MP: 3/3
   560 | D:1      | Reached XP level 3. HP: 18/18 MP: 4/4
   813 | D:2      | Reached skill level 5 in Ranged Weapons
   997 | D:2      | Reached XP level 4. HP: 23/23 MP: 5/5
  1179 | D:2      | Found a faded altar of an unknown god.
  1185 | D:2      | Got Plato's Vellum of the Fault
  1611 | D:3      | Noticed Grinder
  1668 | D:3      | Reached XP level 5. HP: 21/27 MP: 6/6
  1805 | D:2      | Upgraded the game from 0.30.0-30-g96aa6591b8 to 0.30.1
  1805 | D:2      | Upgraded the game from 0.30.1 to 0.30.1-3-gfc49f6343a
  1891 | D:$      | Got out of the dungeon alive.

Illustrated notes

Levels and vault maps discovered:
D:1:      dpeg_arrival_stone_temple_mockup, layout_loops_ring
D:2:      layout_basic, shapermc_ecumenical_altar_rom_forum
D:3:      layout_basic, minmay_goblin_kobold_house, uniq_ijyb, uniq_grinder

Skill      XL: |  1  2  3  4 |
---------------+-------------+-----
Fighting       | 2 |  2.4
Ranged Weapons | 5 |  5.8
Stealth        | 2 |  2.0
Dodging        | |  2.8

Action                     |  1- 3 |  4- 6 || total
---------------------------+-------+-------++-------
   Fire: Shortbow          |    99 |    64 ||   163
 Armour: Robe              |     3 |     2 ||     5
  Dodge: Dodged            |    19 |    25 ||    44
